Map: [ESL] NeoHumanity

Players

Hellraiser

  • Race: Protoss Protoss
  • Spawn Location: 11:00

Bly - Winner!

  • Race: Zerg Zerg
  • Spawn Location: 5:00

Event: ESL SC2 Masters 2023 Summer (Regionals)

VOD

Have the link to the VOD?

Description

Time

  • Played on: May 13, 2023, 12:55 p.m.
  • Length: 11:24

All games in this series

Show
View Real Time Build Order
Export as new Build Order

Hellraiser Protoss 

Build Orders: 1 Gate Expand, Oracle Opening 

Get SALT Encoding   

  12  0:01  Probe  
  13  0:13  Probe  
  14  0:20  Pylon  
  14  0:25  Probe  
  15  0:39  Probe (Chrono Boost)  
  15  0:40  Gateway  
  16  0:47  Probe (Chrono Boost)  
  16  0:48  Assimilator  
  17  0:53  Probe  
  18  1:05  Probe  
  19  1:17  Probe  
  20  1:25  Nexus  
  20  1:36  Cybernetics Core  
  20  1:38  Probe  
  21  1:44  Assimilator  
  21  1:50  Probe  
  21  1:53  Pylon  
  22  2:02  Probe (Chrono Boost)  
  23  2:12  Stalker (Chrono Boost)  
  23  2:14  Probe (Chrono Boost)  
  26  2:20  Stargate  
  26  2:21  Probe (Chrono Boost)  
  27  2:30  Warp Gate  
  27  2:34  Probe (Chrono Boost)  
  28  2:37  Probe (Chrono Boost), Adept (Chrono Boost)  
  32  2:47  Probe (Chrono Boost)  
  32  2:48  Probe (Chrono Boost)  
  33  2:52  Probe  
  33  2:55  Probe  
  35  3:05  Probe  
  40  3:07  Void Ray (Chrono Boost)  
  40  3:08  Probe  
  41  3:13  Pylon  
  41  3:17  Probe  
  42  3:20  Probe  
  43  3:29  Probe  
  44  3:34  Probe, Oracle (Chrono Boost)  
  44  3:40  Nexus  
  48  3:43  Probe  
  49  3:49  Probe  
  49  3:55  Probe  
  50  3:58  Assimilator  
  50  4:00  Pylon  
  50  4:02  Assimilator  
  50  4:03  Probe  
  50  4:04  Oracle (Chrono Boost)  
  54  4:14  Pylon  
  54  4:24  Pylon  
  54  4:28  Stargate  
  54  4:32  Probe  
  54  4:35  Probe  
  56  4:43  Oracle (Chrono Boost)  
  56  4:45  Probe  
  60  4:47  Probe, Shield Battery  
  62  4:52  Probe  
  62  4:53  Zealot  
  62  4:57  Probe, Gateway  
  62  4:59  Probe  
  65  5:05  Probe  
  66  5:08  Void Ray  
  66  5:09  Probe  
  66  5:11  Probe (Chrono Boost), Shield Battery  
  72  5:20  Probe (Chrono Boost)  
  77  5:23  Probe (Chrono Boost), Void Ray  
  77  5:26  Probe (Chrono Boost)  
  79  5:31  Assimilator  
  79  5:32  Probe (Chrono Boost)  
  79  5:33  Probe (Chrono Boost)  
  79  5:35  Probe (Chrono Boost), Zealot  
  83  5:37  Assimilator  
  83  5:38  Probe  
  83  5:39  Pylon  
  83  5:41  Probe  
  83  5:45  Probe  
  84  5:50  Probe  
  90  6:01  Pylon  
  90  6:02  Pylon  
  93  6:04  Protoss Air Weapons Level 1, Void Ray (Chrono Boost)  
  93  6:06  Robotics Facility, Void Ray (Chrono Boost)  
  93  6:20  Probe x3  
  96  6:32  Probe x3  
  99  6:36  Void Ray (Chrono Boost)  
  107  6:42  Pylon  
  107  6:43  Void Ray (Chrono Boost)  
  107  6:44  Probe x2  
  107  6:46  Pylon  
  109  6:55  Robotics Bay  
  109  6:57  Nexus  
  109  6:59  Pylon, Forge  
  109  7:00  Probe  
  110  7:03  Observer  
  111  7:08  Probe  
  111  7:09  Shield Battery  
  111  7:10  Shield Battery  
  116  7:16  Zealot x2, Void Ray (Chrono Boost)  
  116  7:22  Void Ray (Chrono Boost)  
  124  7:25  Shield Battery  
  124  7:26  Shield Battery  
  124  7:29  Shield Battery  
  124  7:30  Pylon  
  124  7:32  Photon Cannon  
  120  7:42  Photon Cannon  
  120  7:44  Disruptor (Chrono Boost)  
  120  7:50  Adept x2  
  131  7:52  Void Ray (Chrono Boost)  
  123  8:02  Probe  
  123  8:04  Probe  
  115  8:05  Void Ray (Chrono Boost)  
  115  8:06  Probe  
  114  8:14  Probe, Stargate  
  114  8:16  Zealot x2  
  114  8:18  Probe  
  114  8:19  Probe  
  121  8:26  Probe  
  122  8:30  Probe  
  122  8:31  Probe  
  122  8:32  Void Ray (Chrono Boost)  
  124  8:37  Zealot  
  124  8:38  Probe, Zealot  
  124  8:39  Colossus (Chrono Boost)  
  133  8:42  Probe  
  133  8:43  Probe  
  133  8:45  Void Ray (Chrono Boost)  
  141  8:51  Probe  
  138  8:56  Probe  
  144  9:03  Void Ray (Chrono Boost)  
  144  9:06  Adept x2  
  144  9:07  Probe  
  145  9:10  Shield Battery  
  145  9:11  Void Ray (Chrono Boost)  
  145  9:12  Shield Battery  
  145  9:14  Pylon  
  145  9:21  Disruptor (Chrono Boost)  
  148  9:26  Pylon  
  146  9:37  Nexus  
  144  9:52  Pylon x3  
  144  9:55  Twilight Council  
  144  10:09  Probe  
  144  10:10  Disruptor  
  144  10:13  Void Ray x2 (Chrono Boost)  
  151  10:14  Probe  
  151  10:17  Stalker x2  
  151  10:21  Void Ray (Chrono Boost)  
  157  10:27  Assimilator  
  157  10:29  Photon Cannon, Assimilator  
  157  10:47  Cybernetics Core  
  157  10:49  Gateway  
  162  10:50  Gateway  
  162  10:52  Probe  
  162  10:54  Probe x2  
  156  11:09  Probe  
  156  11:10  Probe  
Show
View Real Time Build Order
Export as new Build Order

Bly Zerg - Winner!

Build Orders: Hatch First 

Get SALT Encoding   

  12  0:00  Drone  
  13  0:12  Overlord  
  13  0:16  Drone  
  14  0:30  Drone  
  14  0:31  Drone  
  16  0:48  Hatchery  
  15  0:51  Drone  
  15  0:55  Drone  
  17  0:58  Drone  
  18  1:09  Extractor  
  17  1:13  Spawning Pool  
  17  1:16  Drone  
  17  1:20  Drone  
  18  1:29  Drone  
  19  1:42  Drone  
  20  1:50  Overlord  
  20  2:00  Queen x2  
  25  2:01  Zergling x4  
  26  2:11  Drone x2  
  26  2:13  Metabolic Boost  
  28  2:21  Drone  
  29  2:25  Drone  
  30  2:32  Drone  
  31  2:44  Hatchery  
  31  2:45  Drone x3  
  31  2:50  Queen  
  35  2:57  Overlord  
  35  3:04  Drone  
  36  3:17  Drone x8  
  44  3:23  Overlord  
  44  3:26  Extractor, Zergling x2  
  44  3:27  Extractor  
  44  3:28  Unknown  
  44  3:31  Zergling x2  
  45  3:37  Overlord  
  45  3:41  Queen x2  
  48  3:50  Overlord  
  48  3:56  Queen, Overlord  
  48  3:57  Drone  
  48  3:58  Drone x4  
  55  4:06  Drone x2  
  56  4:15  Spore Crawler  
  56  4:16  Spore Crawler  
  53  4:19  Zergling x10  
  58  4:26  Drone x2  
  58  4:29  Spore Crawler  
  58  4:30  Lair  
  59  4:35  Roach Warren  
  59  4:36  Overlord x2  
  58  4:41  Drone  
  58  4:42  Drone x2  
  58  4:44  Drone x2  
  63  4:49  Drone x2  
  65  4:53  Overlord  
  65  4:54  Overlord  
  65  5:02  Overlord  
  65  5:04  Drone x6  
  69  5:17  Queen x2  
  69  5:19  Extractor, Drone x4  
  69  5:20  Extractor  
  75  5:21  Extractor  
  75  5:26  Drone  
  75  5:27  Drone x5  
  80  5:31  Hydralisk Den  
  73  5:44  Drone x9  
  73  5:47  Queen  
  84  5:52  Queen  
  86  5:59  Hatchery  
  86  6:02  Muscular Augments  
  86  6:03  Overlord x2  
  84  6:20  Zergling x2  
  84  6:21  Overlord x3  
  84  6:22  Glial Reconstitution  
  84  6:23  Hydralisk x5  
  95  6:39  Extractor, Hydralisk x7  
  104  6:51  Hydralisk x5  
  114  7:00  Hydralisk x4  
  122  7:05  Zergling x2  
  123  7:11  Hydralisk x4  
  131  7:17  Infestation Pit  
  131  7:19  Grooved Spines  
  131  7:21  Overlord  
  130  7:23  Roach x2  
  134  7:30  Overlord  
  134  7:37  Roach  
  134  7:38  Roach x4, Overlord  
  134  7:42  Overseer  
  120  8:08  Hydralisk x12  
  130  8:23  Hydralisk x7  
  122  8:38  Hydralisk x6  
  126  8:51  Hydralisk  
  126  8:52  Hydralisk x4  
  132  9:05  Hydralisk x4  
  140  9:10  Drone x2  
  142  9:21  Drone x5, Hive  
  147  9:24  Overseer  
  137  9:51  Hydralisk x5  
  137  9:52  Hydralisk x6  
  159  9:53  Overlord x2  
  149  10:21  Hydralisk x10  
  143  10:24  Drone x3  
  143  10:25  Extractor  
  143  10:26  Extractor  
  162  10:33  Overlord  
  162  10:34  Viper  
  161  10:54  Viper  
  161  10:56  Zergling x8  
  151  11:20  Hatchery  
Tags
 
Add a new tag
Caveats
  • Supply blocks, unpowered buildings, or Contaminate may cause inaccurate times.
  • Supply counts are checked every 10 seconds.